 Dungeon Crawl Stone Soup version 0.16.1-2-g95b8d4c (webtiles) character file.

70 JustSomeDude the Poker (level 4, 0/33 HPs)
             Began as a Demonspawn Gladiator on Mar 25, 2015.
             Succumbed to a kobold's poison
             ... on level 3 of the Dungeon.
             The game lasted 00:13:31 (1487 turns).

JustSomeDude the Poker (Demonspawn Gladiator)       Turns: 1487, Time: 00:13:31

Health: 0/33       AC:  3    Str: 15    XL:     4   Next: 3%
Magic:  3/4        EV: 13    Int:  9    God:
Gold:   76         SH:  0    Dex: 15    Spells: 0 memorised, 3 levels left

rFire  . . .     SeeInvis .     a - +0 trident
rCold  . . .     Clarity  .     b - +0 leather armour
rNeg   . . .     SustAb   .     (no shield)
rPois  .         Gourm    .     (helmet restricted)
rElec  .         Spirit   +     (no cloak)
rCorr  .         Warding  .     (no gloves)
rMut   .         Stasis   .     (no boots)
MR     .....                    (no amulet)
Stlth  +.........               (no ring)
                                (no ring)

@: lethally poisoned (0 -> -24), not resistant to hostile enchantments, very
unstealthy
A: antennae 1, hooves 1, magic shield
a: no special abilities


You were on level 3 of the Dungeon.
You were not hungry.

You visited 1 branch of the dungeon, and saw 3 of its levels.

You collected 76 gold pieces.

Inventory:

Hand weapons
 a - a +0 trident (weapon)
Armour
 b - a +0 leather armour (worn)
 c - a +1 helmet
 n - a cursed +0 chain mail
Jewellery
 d - an uncursed ring of wizardry
 m - an uncursed ring of wizardry
Potions
 e - a potion of flight {unknown}
 h - a potion of haste {unknown}
 j - a potion of might {unknown}
 k - a potion of poison {unknown}
 o - a potion of beneficial mutation {unknown}
Comestibles
 f - 2 bread rations
 g - 2 fruits
 l - 2 meat rations


   Skills:
 + Level 2.2 Fighting
 + Level 3.3 Polearms
 + Level 1.9 Throwing
 + Level 1.0 Armour
 + Level 3.3 Dodging
 + Level 0.2 Stealth


You had 3 spell levels left.
You didn't know any spells.

Dungeon Overview and Level Annotations

Branches:
Dungeon (3/15)

Altars:
Zin


Innate Abilities, Weirdness & Mutations

You have a pair of small antennae on your head.
You have large cloven feet.
When hurt, damage is shared between your health and your magic reserves.


Message History

You hear some strange, mumbled words.
Something tries to affect you, but you resist.
You feel sick.
You hear some strange, mumbled words.
Something tries to affect you, but you resist.
* * * LOW HITPOINT WARNING * * *
You feel sick.
Found a bread ration.
* * * LOW HITPOINT WARNING * * *
You feel sick.
The kobold shoots a poisoned needle.
The poisoned needle hits you!
You are more poisoned.
You see here a poisoned needle.
* * * LOW HITPOINT WARNING * * *
You feel very sick.
* * * LOW HITPOINT WARNING * * *
You feel sick.
* * * LOW HITPOINT WARNING * * *
You feel sick.
You die...

.#
#######.#.#
.# #.#.# .#
#.#.# .#
#.#.# ##
#.#.# #.#%#
#.#.# #.#.#
##.#@#
#..#.#
#.##.#
#.#..#
#.#(##
#.#.# #.#.#
#.#K#
##{#(#


You could see a kobold.

Vanquished Creatures
  Ijyb (D:2)
  Terence (D:2)
  2 oozes (D:2)
  2 orcs (D:3)
  3 hobgoblins (D:2)
  2 jackals (D:1)
  A quokka (D:3)
  2 bats (D:1)
  5 giant cockroaches
  3 giant newts
  2 goblins
  8 kobolds
  6 rats
38 creatures vanquished.

Notes
Turn   | Place    | Note
--------------------------------------------------------------
     0 | D:1      | JustSomeDude, the Demonspawn Gladiator, began the quest for the Orb.
     0 | D:1      | Reached XP level 1. HP: 16/16 MP: 1/1
   316 | D:1      | Gained mutation: You have large cloven feet. [demonic ancestry]
   316 | D:1      | Reached XP level 2. HP: 20/22 MP: 2/2
   317 | D:1      | Reached skill level 3 in Polearms
   647 | D:2      | Noticed Ijyb
   662 | D:2      | Killed Ijyb
   662 | D:2      | Gained mutation: You have a pair of small antennae on your head. [demonic ancestry]
   662 | D:2      | Reached XP level 3. HP: 25/27 MP: 3/3
   720 | D:2      | Noticed Terence
   750 | D:2      | Killed Terence
   750 | D:2      | Reached skill level 1 in Armour
  1158 | D:2      | Found a glowing silver altar of Zin.
  1392 | D:3      | Gained mutation: When hurt, damage is shared between your health and your magic reserves. [demonic ancestry]
  1392 | D:3      | Reached XP level 4. HP: 30/33 MP: 4/4
  1487 | D:3      | Succumbed to a kobold's poison

Action                   |  1- 3 |  4- 6 || total
-------------------------+-------+-------++-------
Melee: Trident           |   162 |    27 ||   189
Throw: Throwing net      |     5 |       ||     5
  Use: Scroll            |     4 |     1 ||     5
       Potion            |     3 |     4 ||     7
 Stab: Held in net/web   |     1 |       ||     1
  Eat: Bread ration      |     1 |       ||     1
       Chunk             |     1 |       ||     1
